 Dungeon Crawl Stone Soup version 0.28.0-43-g3370ac3207 (webtiles) character file.

Game seed: 15833502403562431728

6356 issech the Cudgeller (level 10, -2/87 HPs)
             Began as a Troll Monk on Apr 1, 2022.
             Was a Believer of Hepliaklqana.
             Slain by a vampire
             ... wielding a +1 vampiric glaive
              (13 damage)
             ... in a bailey.
             The game lasted 00:34:12 (7094 turns).

issech the Cudgeller (Troll Monk)                   Turns: 7094, Time: 00:34:12

Health: -2/87      AC:  7    Str: 21    XL:     10   Next: 65%
Magic:  9/9        EV: 12    Int:  6    God:    Hepliaklqana [**....]
Gold:   270        SH: 16    Dex: 22    Spells: 9/9 levels left

rFire   + . .      SeeInvis .   E - +1 flail (protect)
rCold   . . .      Faith    .   i - +0 kite shield
rNeg    . . .      Spirit   .   s - +1 robe {Will+}
rPois   .          Reflect  +   H - +2 hat
rElec   .          Harm     .   (no cloak)
rCorr   .          Rampage  .   (gloves unavailable)
Will    +....                   (boots unavailable)
Stlth   +++.......              J - amulet of reflection
HPRegen 1.04/turn               d - +6 ring of dexterity
MPRegen 0.11/turn               x - ring of protection from fire

@: no status effects
A: reduced essence, large, unfitting armour, claws 3, regeneration 1, shaggy fur
1, tough skin 1
a: Renounce Religion, Recall Ancestor, Ancestor Identity


You were in a bailey.
You worshipped Hepliaklqana.
Hepliaklqana was pleased with you.
You visited 2 branches of the dungeon, and saw 9 of its levels.
You also visited: Bailey.

You collected 419 gold pieces.
You spent 149 gold pieces at shops.

Inventory:

Hand Weapons
 a - a +0 mace
 b - a +0 flail
 r - a +0 short sword of venom
 y - a +0 vampiric giant spiked club
 z - a +1 vorpal spear
 B - the +8 hunting sling "Yllietze" {venom, Will- Int+4 Dex+8}
   (You bought it in a shop on level 5 of the Dungeon)

   Any ammunition fired from it poisons the flesh of those it strikes.
   Int:       It affects your intelligence (+4).
   Dex:       It affects your dexterity (+8).
   Will:      It decreases your willpower.
 E - a +1 flail of protection (weapon)
 G - a +0 whip of flaming
Missiles
 c - 285 stones (quivered)
 l - 66 bolts
 m - 6 curare-tipped darts
 p - 50 arrows
 v - 37 sling bullets
Armour
 i - a +0 kite shield (worn)
 s - a +1 robe of willpower (worn)
 H - a +2 hat (worn)
Jewellery
 d - a +6 ring of dexterity (left claw)
 x - a ring of protection from fire (right claw)
 J - an amulet of reflection (around neck)
Wands
 w - a wand of iceblast (31)
Scrolls
 h - 2 scrolls of enchant weapon
 j - a scroll of amnesia
 u - a scroll of fear {unknown}
 A - 2 scrolls of enchant armour
 F - 3 scrolls of teleportation
 I - 2 scrolls of identify
Potions
 e - a potion of ambrosia {unknown}
 f - a potion of might {unknown}
 g - a potion of berserk rage {unknown}
 k - a potion of lignification {unknown}
 n - 2 potions of haste {unknown}
 o - a potion of heal wounds {unknown}
 q - 3 potions of curing {unknown}
 t - a potion of brilliance {unknown}
 C - a potion of attraction {unknown}
 D - a potion of cancellation {unknown}
 K - a potion of invisibility {unknown}


   Skills:
 + Level 5.6 Fighting
 + Level 7.4 Maces & Flails
 + Level 5.9(6.0) Slings
 + Level 1.8(5.3) Throwing
 + Level 5.1 Dodging
 + Level 2.3 Stealth
 + Level 5.6 Shields


You had 9 spell levels left.
You didn't know any spells.
Your spell library contained the following spells:

 Spells                   Type           Power      Damage    Failure   Level
 Animate Skeleton         Necr           0%         N/A       71%         1
 Apportation              Tloc           0%         N/A       71%         1
 Beastly Appendage        Tmut           0%         N/A       71%         1
 Slow                     Hex            0%         N/A       71%         1
 Summon Small Mammal      Summ           0%         N/A       71%         1
 Blink                    Tloc           0%         N/A       85%         2
 Wereblood                Tmut           0%         N/A       85%         2
 Call Canine Familiar     Summ           0%         N/A       97%         3
 Confusing Touch          Hex            0%         N/A       97%         3
 Frozen Ramparts          Ice            0%         1d2       97%         3
 Spider Form              Tmut/Pois      0%         N/A       97%         3
 Summon Guardian Golem    Hex/Summ       0%         N/A       97%         3
 Vampiric Draining        Necr           0%         2d6       97%         3
 Ice Form                 Ice/Tmut       0%         N/A       100%        4
 Summon Ice Beast         Ice/Summ       0%         N/A       100%        4
 Manifold Assault         Tloc           0%         N/A       100%        5
 Summon Forest            Summ/Tloc      0%         N/A       100%        5
 Summon Mana Viper        Hex/Summ       0%         N/A       100%        5
 Summon Cactus Giant      Summ           0%         N/A       100%        6
 Monstrous Menagerie      Summ           0%         N/A       100%        7
 Storm Form               Tmut/Air       0%         N/A       100%        7


Dungeon Overview and Level Annotations

Branches:
Dungeon (8/15)             Temple (1/1) D:4          Bailey (1/1)
   Lair: D:8-11

Altars:
Ashenzari
Dithmenos
Elyvilon
Fedhas
Gozag
Hepliaklqana
Kikubaaqudgha
Makhleb
Nemelex Xobeh
Qazlal
Ru
Trog
Uskayaw
Vehumet
Wu Jian
Xom
Yredelemnul
The Shining One

Shops:
D:5 (   D:8 *


Innate Abilities, Weirdness & Mutations

Your life essence is reduced to manifest your ancestor. (-10% HP)
You are too large for most types of armour.
You have claws for hands.
Your natural rate of healing is unusually fast.
You are covered in fur. (AC +1)
You have tough skin. (AC +1)


Message History

Leofric hits the vampire with a +0 quarterstaff.
Something hits you. The vampire hits you with a +0 glaive!
The vampire bites you but does no damage.
Leofric points at the vampire and mumbles some strange words.
The stone arrow hits the vampire!
You catch the helpless vampire completely off-guard!
You hit the vampire but do no damage.
The vampire is severely damaged.
Something hits you! The vampire barely misses you.
You block the vampire's attack.
Leofric hits the vampire but does no damage.
You barely miss the vampire.
The vampire is severely damaged.
Something hits you!! You block the vampire's attack.
The vampire barely misses you.
Leofric hits the vampire with a +0 quarterstaff.
You closely miss the vampire.
The vampire is almost destroyed.
Something hits you! The vampire closely misses you.
You block the vampire's attack.
Leofric casts a spell at the vampire.
The stone arrow hits the vampire!!
The vampire is destroyed!
You hear some strange, mumbled words.
Something tries to affect you, but you resist.
You sock something! You block something's attack.
Something completely misses you.
Leofric gestures next to you while chanting.
You closely miss something. You block something's attack. Something bites you.
Something draws strength from your injuries!
You block something's attack. Something bites you!
Something draws strength from your injuries!
You miss something. Something hits you!
* * * LOW HITPOINT WARNING * * *
Something bites you!
* * * LOW HITPOINT WARNING * * *
Something draws strength from your injuries!
Leofric casts a spell at thin air.
Something hits you!
You die...

)######......#..#
)...)...##...#..#
.......##....#..#
♣......#..).##..#
.♣....##...##...#
.......##.).)...#
........##....######
.........#...##..R.##
..♣..♣♣..#..##..@.{!#
....♣♣...#..#..)##.[.#
.........#..'..## #.}#
##.......#..'..# .!#
.#####..8#..#...# 8#
.'...#####8.##..... ##
##..÷# ######...8#
#÷..# ##### #####


You could see the friendly Leofric the battlemage.

Vanquished Creatures
  A boulder beetle (D:7)
  A gargoyle (Bailey)
  Grinder (D:5)
  2 wyverns
  A steam dragon (D:7)
  Duvessa (D:6)
  A water moccasin (D:5)
  A hornet zombie (D:5)
  4 ogres
  3 wolves (D:7)
  A lemure (D:6)
  A wyvern zombie (D:6)
  A scorpion (D:6)
  5 killer bees (D:7)
  5 vampire bats (Bailey)
  6 wolf zombies (Bailey)
  A hound (D:7)
  2 bullfrog skeletons
  2 orc priests
  Jessica (D:3)
  A gnoll shaman (D:5)
  2 iguanas
  2 orc wizards
  A hound skeleton (D:4)
  A howler monkey zombie (D:8)
  7 gnolls
  11 adders
  A shadow imp (D:7)
  3 adder skeletons (D:4)
  A worm (D:3)
  4 dart slugs
  18 orcs
  8 endoplasms
  6 giant cockroaches
  6 goblins
  7 hobgoblins
  4 quokkas
  7 ball pythons
  6 bats
  3 frilled lizards
  2 kobolds
  7 orc zombies (Bailey)
  7 rats
156 creatures vanquished.

Vanquished Creatures (collateral kills)
  Pikel (D:6)
  A vampire (Bailey)
  Grum (D:8)
  Edmund (D:6)
  Menkaure (D:6)
  5 sky beasts
  A phantom (D:6)
  2 bullfrogs
  A scorpion (D:6)
  Dowan (D:6)
  8 killer bees
  4 vampire bats (Bailey)
  A howler monkey (D:6)
  3 wolf zombies (Bailey)
  A centaur zombie (D:7)
  A bullfrog skeleton (D:6)
  A howler monkey zombie (D:6)
  An orc (D:6)
  13 orc zombies (Bailey)
48 creatures vanquished.

Vanquished Creatures (others)
  2 battlemagi
2 creatures vanquished.

Grand Total: 206 creatures vanquished

Notes
Turn   | Place    | Note
-------+----------+-------------------------------------------
     0 | D:1      | issech the Troll Monk began the quest for the Orb.
     0 | D:1      | Reached XP level 1. HP: 22/22 MP: 0/0
   118 | D:1      | Reached XP level 2. HP: 29/29 MP: 1/1
   210 | D:1      | Found a faded altar of an unknown god.
   349 | D:1      | Reached skill level 3 in Maces & Flails
   934 | D:2      | Reached XP level 3. HP: 36/36 MP: 2/2
  1400 | D:2      | Reached XP level 4. HP: 44/44 MP: 3/3
  1636 | D:3      | Found a shadowy altar of Dithmenos.
  1664 | D:3      | Found a sacrificial altar of Ru.
  1936 | D:3      | Noticed Jessica
  1951 | D:3      | Killed Jessica
  1952 | D:3      | Reached skill level 4 in Maces & Flails
  1965 | D:3      | Reached XP level 5. HP: 20/53 MP: 4/4
  2178 | D:3      | Reached skill level 1 in Shields
  2180 | D:3      | Reached skill level 1 in Throwing
  2657 | D:4      | Reached XP level 6. HP: 45/61 MP: 5/5
  2714 | D:4      | You fall into a shaft and drop 1 floor!
  2714 | D:5      | Entered Level 5 of the Dungeon
  3023 | D:4      | Found a staircase to the Ecumenical Temple.
  3329 | D:4      | HP: 3/61 [ogre/+0 giant spiked club (23)]
  3458 | D:5      | Noticed a wyvern
  3476 | D:5      | Killed a wyvern
  3477 | D:5      | Reached skill level 5 in Maces & Flails
  3477 | D:5      | Reached XP level 7. HP: 37/67 MP: 6/6
  3705 | D:5      | Found a basalt altar of Yredelemnul.
  3705 | D:5      | Found a glowing golden altar of the Shining One.
  3710 | D:5      | Noticed an angel
  3718 | D:5      | Noticed a profane servitor
  3920 | D:5      | Found Bigadar's Antique Weapon Boutique.
  3945 | D:5      | Bought a slimy hunting sling for 149 gold pieces
  3945 | D:5      | Identified the +8 hunting sling "Yllietze" {venom, Will-
                  | Int+4 Dex+8} (You bought it in a shop on level 5 of the
                  | Dungeon)
  4065 | D:5      | Reached skill level 6 in Maces & Flails
  4075 | D:5      | Reached XP level 8. HP: 78/78 MP: 7/7
  4146 | D:5      | Noticed Grinder
  4152 | D:5      | Killed Grinder
  4228 | D:5      | Found a bloodstained altar of Trog.
  4466 | D:5      | Reached skill level 1 in Slings
  4517 | D:6      | Noticed Menkaure
  4735 | Temple   | Entered the Ecumenical Temple
  4833 | Temple   | Became a worshipper of Hepliaklqana the Forgotten
  4833 | Temple   | Reached * piety under Hepliaklqana
  4833 | Temple   | Reached ** piety under Hepliaklqana
  4834 | Temple   | Remembered your ancestor Leofric as a battlemage
  5007 | D:6      | Noticed Edmund
  5015 | D:6      | Killed Edmund
  5045 | D:6      | Killed Menkaure
  5046 | D:6      | Reached XP level 9. HP: 76/76 MP: 8/8
  5153 | D:6      | Noticed Pikel
  5160 | D:6      | Killed Pikel
  5231 | D:6      | Noticed Dowan
  5239 | D:6      | Killed Dowan
  5248 | D:6      | Noticed Duvessa
  5257 | D:6      | Killed Duvessa
  5618 | D:7      | Reached skill level 5 in Fighting
  5765 | D:7      | Noticed a boulder beetle
  5910 | D:7      | Found a broken altar of Ashenzari.
  5970 | D:7      | Reached skill level 5 in Slings
  6253 | D:7      | Reached XP level 10. HP: 86/86 MP: 9/9
  6273 | D:7      | Killed a boulder beetle
  6521 | D:8      | Noticed Grum
  6521 | D:8      | Found Sesad's Assorted Antiques.
  6590 | D:8      | Killed Grum
  6673 | D:8      | Found a flagged portal.
  6683 | Bailey   | Entered a bailey
  6781 | Bailey   | Reached skill level 5 in Shields
  6801 | Bailey   | Reached skill level 7 in Maces & Flails
  6848 | Bailey   | Reached skill level 5 in Dodging
  6961 | Bailey   | Noticed a gargoyle
  6968 | Bailey   | Killed a gargoyle
  7082 | Bailey   | Found the +4 moon troll leather armour {Spirit, Regen++
                  | MP+5}
  7094 | Bailey   | Slain by a vampire

Illustrated notes

Levels and vault maps discovered:
D:1:      dpeg_arrival_prison, layout_basic,
          dreamdust_ecumenical_altar_angels_and_demons, hangedman_glass_teeth,
          minmay_misc_feat_more_columns, nicolae_figureground_pulse
D:2:      layout_loops_ring, minmay_pentomino_x2
D:3:      layout_loops_ring, nicolae_overflow_squiral,
          chequers_serial_rivers_large_b, uniq_jessica
D:4:      layout_cave_pools, minmay_temple_entry_from_below_a,
          grunt_ministairs_9
D:5:      layout_loops_ring, trog_book, grunt_temple_overflow_holy_war,
          serial_shops, nicolae_shop_waterfront, uniq_grinder
D:6:      layout_rooms, nicolae_fountain_basement, uniq_duvessa, uniq_pikel,
          uniq_menkaure, uniq_edmund
D:7:      layout_basic, nicolae_overflow_crystal_walls
D:8:      layout_rooms, mainiacjoe_overflow_cross_hatched, enter_bailey_1,
          serial_shops, nicolae_stop_n_shop_1, kennysheep_generic_room_3,
          uniq_grum
Temple:   nicolae_temple_hex_pool
Bailey:   bailey_polearm_vampire_castle_hellmonk, bailey

Skill      XL: |  1  2  3  4  5  6  7  8  9 10 |
---------------+-------------------------------+-----
Maces & Flails | 3 4 5 6 7 |  7.4
Fighting       | 3 4 5 |  5.6
Shields        | 1 2 3 4 5 |  5.6
Throwing       | 1 |  1.8
Dodging        | 3 4 5 |  5.1
Slings         | 3 5 |  5.9
Stealth        | 2 |  2.3

Action                   |  1- 3 |  4- 6 |  7- 9 | 10-12 || total
-------------------------+-------+-------+-------+-------++-------
Melee: Mace              |   127 |    68 |       |       ||   195
       Punch             |     1 |       |       |       ||     1
       Flail             |       |    88 |   103 |    94 ||   285
 Fire: Hunting sling     |       |       |    93 |    47 ||   140
Throw: Stone             |    21 |    58 |    14 |       ||    93
Invok: Ancestor Life: Ba |       |       |     1 |       ||     1
  Use: Scroll            |       |     3 |     4 |     1 ||     8
 Stab: Sleeping          |     2 |     3 |     1 |     1 ||     7
       Distracted        |       |       |     1 |     2 ||     3
Armor: Robe              |    73 |    45 |    36 |    51 ||   205
Dodge: Dodged            |    77 |    80 |    69 |    75 ||   301
Block: Kite shield       |    30 |    90 |   105 |   182 ||   407
       Reflection        |       |       |       |     1 ||     1
